Map: [ESL] Inside and Out

Players

Neeb - Winner!

  • Race: Protoss Protoss
  • Spawn Location: 1:00

Ukko

  • Race: Zerg Zerg
  • Spawn Location: 7:00

Event: DreamHack SC2 Masters 2022 Atlanta (Online)

VOD

Have the link to the VOD?

Description

Time

  • Played on: Oct. 6, 2022, 5:28 p.m.
  • Length: 12:14

All games in this series

Show
View Real Time Build Order
Export as new Build Order

Neeb Protoss - Winner!

Build Orders: 1 Gate Expand, Oracle Opening, Archon Immortal 

Get SALT Encoding   

  12  0:00  Probe  
  13  0:12  Probe  
  14  0:19  Pylon  
  14  0:25  Probe (Chrono Boost)  
  15  0:37  Gateway  
  15  0:38  Probe (Chrono Boost)  
  16  0:45  Probe (Chrono Boost)  
  16  0:47  Assimilator  
  17  0:52  Probe  
  18  1:04  Probe  
  19  1:16  Probe  
  20  1:23  Nexus  
  20  1:32  Cybernetics Core  
  20  1:35  Probe  
  21  1:44  Assimilator  
  21  1:47  Probe  
  21  1:49  Pylon  
  22  1:59  Probe (Chrono Boost)  
  23  2:08  Adept  
  23  2:10  Probe (Chrono Boost)  
  23  2:15  Probe (Chrono Boost)  
  26  2:21  Stargate  
  27  2:26  Probe (Chrono Boost)  
  28  2:30  Warp Gate  
  28  2:34  Probe (Chrono Boost)  
  30  2:37  Probe (Chrono Boost)  
  30  2:38  Adept  
  34  2:44  Probe (Chrono Boost)  
  34  2:45  Probe (Chrono Boost)  
  34  2:49  Probe (Chrono Boost)  
  34  2:52  Probe  
  36  2:58  Pylon  
  36  3:01  Probe  
  36  3:03  Oracle (Chrono Boost)  
  36  3:04  Probe  
  38  3:08  Adept  
  43  3:14  Gateway  
  43  3:15  Probe  
  43  3:18  Probe  
  46  3:27  Probe, Gateway  
  46  3:30  Probe  
  46  3:32  Oracle (Chrono Boost)  
  47  3:39  Probe  
  51  3:42  Probe  
  51  3:43  Pylon  
  52  3:51  Probe  
  53  3:58  Nexus  
  53  3:59  Probe  
  53  4:01  Pylon  
  54  4:03  Probe  
  54  4:07  Assimilator  
  54  4:09  Assimilator  
  55  4:11  Probe  
  55  4:15  Probe  
  57  4:19  Adept x2  
  57  4:21  Adept  
  63  4:28  Pylon  
  63  4:29  Probe  
  64  4:32  Probe  
  64  4:33  Shield Battery  
  64  4:37  Robotics Facility  
  65  4:41  Probe  
  65  4:43  Pylon  
  65  4:44  Probe  
  67  4:53  Probe  
  67  4:55  Adept x2  
  67  4:56  Probe  
  73  5:02  Sentry  
  73  5:05  Probe  
  76  5:08  Probe  
  76  5:11  Forge  
  76  5:13  Twilight Council  
  73  5:15  Probe  
  73  5:17  Sentry x2, Probe  
  73  5:20  Probe  
  77  5:26  Immortal  
  77  5:27  Probe  
  80  5:28  Blink  
  80  5:29  Probe  
  80  5:32  Probe  
  80  5:33  Phoenix  
  78  5:39  Probe  
  78  5:41  Probe  
  80  5:44  Protoss Ground Weapons Level 1 (Chrono Boost)  
  80  5:46  Assimilator  
  80  5:48  Assimilator  
  80  5:49  Probe  
  81  5:50  Gateway  
  81  5:51  Probe  
  81  5:52  Gateway  
  81  5:53  Gateway  
  81  5:56  Stalker x2  
  86  6:00  Stalker  
  89  6:04  Probe x2  
  89  6:07  Probe  
  89  6:10  Observer (Chrono Boost)  
  92  6:15  Pylon  
  92  6:16  Probe  
  93  6:20  Gateway  
  93  6:21  Pylon  
  93  6:22  Gateway  
  93  6:27  Stalker x3  
  93  6:28  Warp Prism (Chrono Boost)  
  101  6:42  Nexus  
  101  6:47  Pylon  
  101  6:53  Stalker x3  
  106  6:56  Probe x3  
  109  7:04  Immortal  
  114  7:08  Probe x2  
  114  7:14  Probe  
  116  7:20  Stalker x2  
  116  7:21  Stalker x2  
  116  7:22  Charge  
  124  7:29  Probe  
  125  7:31  Pylon  
  125  7:35  Protoss Ground Weapons Level 2 (Chrono Boost), Pylon  
  125  7:38  Templar Archives  
  125  7:41  Pylon x2  
  125  7:49  Stalker x3  
  125  7:50  Stalker  
  133  7:53  Probe x3  
  136  8:00  Photon Cannon  
  136  8:04  Photon Cannon  
  136  8:05  Probe x2  
  139  8:08  Shield Battery  
  139  8:12  Probe  
  140  8:17  Stalker x7  
  153  8:21  Psionic Storm  
  153  8:25  Stalker  
  155  8:28  Immortal, Assimilator x2  
  157  8:44  High Templar x4  
  157  8:45  Zealot x3  
  171  8:56  Gateway  
  171  8:57  Photon Cannon, Stalker, Gateway  
  171  8:58  Photon Cannon  
  171  9:00  Probe  
  171  9:02  Probe  
  171  9:09  Archon  
  168  9:10  Archon  
  168  9:11  Probe  
  168  9:13  Stalker  
  169  9:18  Stalker  
  169  9:20  Immortal  
  169  9:23  Probe  
  162  9:27  Probe  
  154  9:31  Zealot x3  
  154  9:32  Zealot x3  
  164  9:50  Stalker x2  
  166  10:04  Stalker x2  
  166  10:05  Stalker  
  166  10:06  Stalker x2  
  171  10:10  Pylon  
  171  10:11  Photon Cannon  
  171  10:12  Pylon  
  171  10:14  Pylon  
  168  10:15  Warp Prism (Chrono Boost)  
  168  10:16  Gateway  
  168  10:17  Pylon  
  170  10:25  High Templar  
  172  10:33  High Templar x9  
  190  10:37  Photon Cannon  
  190  10:38  Shield Battery  
  190  10:39  Shield Battery  
  190  10:50  Photon Cannon  
  190  10:52  Photon Cannon  
  190  10:53  Pylon  
  190  11:02  Photon Cannon  
  190  11:04  Photon Cannon  
  190  11:06  Stalker x5  
  198  11:23  Nexus  
  198  11:24  Pylon  
  198  11:26  Stalker  
  172  11:40  Archon  
  172  11:41  Archon  
  172  11:43  Stalker  
  172  11:44  Stalker x8  
  182  11:49  Probe  
  182  11:50  Stalker  
  185  11:58  Archon  
  185  11:59  Probe x2  
  185  12:04  Photon Cannon  
  185  12:05  Photon Cannon  
  185  12:07  Photon Cannon  
  183  12:14  Fleet Beacon  
Show
View Real Time Build Order
Export as new Build Order

Ukko Zerg 

Build Orders: Hatch First 

Get SALT Encoding   

  12  0:00  Drone  
  13  0:13  Overlord  
  13  0:16  Drone  
  14  0:31  Drone x2  
  16  0:48  Hatchery  
  15  0:51  Drone  
  15  0:54  Drone  
  17  0:58  Drone  
  18  1:09  Extractor  
  17  1:13  Spawning Pool  
  17  1:16  Drone  
  17  1:27  Drone  
  17  1:32  Drone  
  19  1:41  Drone  
  20  1:54  Overlord  
  20  1:59  Queen  
  20  2:00  Zergling x4, Queen  
  26  2:12  Drone x2  
  28  2:17  Metabolic Boost  
  28  2:22  Drone x2  
  30  2:36  Hatchery  
  29  2:39  Drone x2  
  31  2:46  Queen  
  33  2:53  Overlord  
  33  2:58  Drone x3  
  36  3:04  Overlord  
  36  3:11  Queen, Drone x2  
  40  3:14  Drone  
  40  3:16  Drone  
  40  3:18  Drone  
  43  3:22  Drone x2  
  45  3:27  Overlord  
  45  3:33  Queen  
  47  3:36  Drone x2  
  47  3:41  Spore Crawler  
  48  3:44  Spore Crawler, Drone x2  
  48  3:48  Zergling x6  
  52  3:50  Drone  
  52  3:55  Drone x3  
  56  4:00  Drone x2  
  58  4:03  Spore Crawler  
  57  4:11  Overlord  
  57  4:14  Drone x4  
  61  4:22  Drone x3  
  61  4:23  Queen  
  66  4:27  Lair  
  65  4:35  Overlord x2  
  65  4:36  Drone x3  
  65  4:37  Drone  
  69  4:40  Extractor  
  69  4:42  Extractor  
  69  4:43  Drone x3  
  70  4:45  Drone  
  70  4:51  Zergling x2  
  69  4:56  Queen  
  69  4:58  Zergling x4  
  69  4:59  Queen  
  71  5:06  Drone x5  
  75  5:09  Zergling x6  
  75  5:15  Drone x3  
  76  5:21  Drone  
  76  5:22  Drone x2  
  76  5:26  Drone, Roach Warren  
  75  5:30  Extractor, Evolution Chamber  
  75  5:34  Drone x5  
  78  5:40  Drone x4  
  80  5:48  Drone x5  
  85  5:57  Extractor  
  85  5:58  Drone x2  
  85  5:59  Zerg Missile Weapons Level 1, Extractor  
  85  6:00  Drone  
  86  6:06  Glial Reconstitution  
  86  6:07  Overlord x5  
  85  6:13  Hatchery  
  84  6:26  Roach x3  
  84  6:28  Spire, Overlord  
  84  6:29  Roach x2  
  93  6:33  Roach x3  
  93  6:37  Roach x2  
  93  6:39  Zergling x2  
  106  6:40  Zergling x4  
  106  6:41  Zergling x2  
  106  6:47  Ravager x2  
  106  6:49  Zergling x12  
  106  6:53  Ravager  
  114  6:56  Roach x3  
  119  7:03  Roach  
  119  7:07  Roach x5  
  128  7:16  Overlord x5  
  127  7:27  Roach x4  
  135  7:33  Overlord x3  
  135  7:36  Roach x5  
  145  7:37  Ravager x2  
  145  7:38  Ravager  
  148  7:46  Zergling x12  
  148  7:50  Mutalisk x2  
  158  7:52  Mutalisk  
  158  7:57  Mutalisk  
  162  8:01  Zergling x4, Mutalisk  
  166  8:11  Drone x10  
  176  8:14  Spore Crawler  
  172  8:25  Drone x7  
  174  8:31  Extractor, Evolution Chamber  
  174  8:33  Roach x4  
  178  8:34  Baneling Nest  
  178  8:38  Drone x3  
  178  8:41  Zergling x12  
  178  8:43  Zerg Melee Weapons Level 1  
  178  8:45  Zerg Flyer Weapons Level 1  
  184  8:48  Extractor  
  184  8:52  Roach x4  
  191  9:01  Roach x4  
  191  9:02  Zergling x2  
  194  9:13  Roach x4  
  197  9:18  Centrifugal Hooks, Zerg Missile Weapons Level 2  
  197  9:21  Zergling x14  
  194  9:30  Roach x9  
  183  9:36  Hatchery  
  165  9:41  Roach x6  
  169  9:47  Roach x4  
  169  9:52  Ravager x6  
  183  9:58  Roach x6  
  186  10:16  Zergling x2, Roach x6  
  186  10:20  Baneling x10  
  186  10:21  Baneling  
  199  10:41  Infestation Pit  
  198  10:44  Hydralisk Den  
  198  10:45  Drone x2  
  199  10:56  Baneling x2  
  195  11:06  Zergling x12  
  197  11:13  Zergling x8  
  197  11:22  Drone  
  197  11:23  Lurker Den  
  197  11:26  Zergling x6  
  188  11:35  Zergling x22  
  188  11:36  Zergling x6  
  164  11:41  Roach x14  
  172  11:47  Roach x4  
  172  11:48  Roach  
Tags
 
Add a new tag
Caveats
  • Supply blocks, unpowered buildings, or Contaminate may cause inaccurate times.
  • Supply counts are checked every 10 seconds.